 Dungeon Crawl Stone Soup version 0.16.1 (webtiles) character file.

129 Fiveotanaka the Cudgeler (level 5, 0/32 HPs)
             Began as a Gargoyle Fighter on Mar 27, 2015.
             Slain by a worm (2 damage)
             ... on level 4 of the Dungeon.
             The game lasted 00:05:35 (2259 turns).

Fiveotanaka the Cudgeler (Gargoyle Fighter)         Turns: 2259, Time: 00:05:36

Health: 0/32       AC: 12    Str: 25    XL:     5   Next: 12%
Magic:  5/5        EV:  7    Int:  8    God:
Gold:   249        SH:  9    Dex: 10    Spells: 0 memorised, 4 levels left

rFire  . . .     SeeInvis .     a - +0 flail
rCold  . . .     Clarity  .     b - +0 scale mail
rNeg   + . .     SustAb   .     c - +0 shield
rPois  ∞         Gourm    .     (no helmet)
rElec  +         Spirit   .     (no cloak)
rCorr  .         Warding  .     (no gloves)
rMut   .         Stasis   .     s - +0 pair of boots (curse)
MR     .....                    (no amulet)
Stlth  ..........               (no ring)
                                (no ring)

@: mighty, not resistant to hostile enchantments, extremely unstealthy
A: negative energy resistance 1, electricity resistance, unbreathing,
petrification resistance, rot immunity, AC +4
a: no special abilities


You were on level 4 of the Dungeon.
You were hungry.

You visited 1 branch of the dungeon, and saw 4 of its levels.

You collected 249 gold pieces.

Inventory:

Hand weapons
 a - a +0 flail (weapon)
Missiles
 f - 65 stones (quivered)
 o - 52 poisoned needles
 x - 8 silver javelins
Armour
 b - a +0 scale mail (worn)
 c - a +0 shield (worn)
 s - a cursed +0 pair of boots (worn)
Scrolls
 g - 6 scrolls of identify {unknown}
 k - 2 scrolls of remove curse {unknown}
 l - 3 scrolls of teleportation {unknown}
 q - a scroll of magic mapping {unknown}
 t - a scroll of enchant armour {unknown}
 y - a scroll of enchant weapon {unknown}
Potions
 j - a potion of curing {unknown}
 m - a potion of haste {unknown}
 p - a potion of brilliance {unknown}
 r - a potion of magic {unknown}
 v - a potion of agility {unknown}
 w - a potion of restore abilities {unknown}
Books
 u - a book of Conjurations

   Spells                             Type                      Level
   a - Magic Dart                     Conjuration                  1
   b - Searing Ray                    Conjuration                  2
   c - Dazzling Spray                 Conjuration/Hexes            3
   d - Fulminant Prism                Conjuration/Hexes            4
   e - Iskenderun's Mystic Blast      Conjuration                  4
   f - Iskenderun's Battlesphere      Conjuration/Charms           5
Comestibles
 d - 2 bread rations
 h - 3 chunks of flesh
 i - a meat ration
 n - a beef jerky


   Skills:
 - Level 3.2 Fighting
 + Level 5.1 Maces & Flails
 - Level 3.2 Armour
 - Level 3.2 Shields


You had 4 spell levels left.
You didn't know any spells.

Dungeon Overview and Level Annotations

Branches:
Dungeon (4/15)
 Temple: D:4-7

Altars:
Okawaru

Annotations:
D:3 Tomod's ghost, average MiBe
D:4 Edmund; Menkaure


Innate Abilities, Weirdness & Mutations

You are resistant to torment.
You are immune to poison.
Your stone body is very resilient (AC +4).
You resist negative energy.
You are resistant to electric shocks.
You can survive without breathing.
You are immune to petrification.
You are immune to rotting.


Message History

Edmund is heavily wounded.
The bat completely misses you. Edmund closely misses you.
Menkaure barely misses you.
You hit Edmund!
Edmund is severely wounded.
The bat barely misses you. Edmund closely misses you. Menkaure hits you!
* * * LOW HITPOINT WARNING * * *
Unknown command.
You hit Edmund!
Edmund is almost dead.
Edmund hits you with a dire flail.
* * * LOW HITPOINT WARNING * * *
You block Menkaure's attack. The bat barely misses you.
You barely miss Edmund.
Edmund is almost dead.
You block the bat's attack. The bat barely misses you.
You block the bat's attack.
Edmund says, "A flail is better than a scythe, any day of the week!"
Edmund hits you but does no damage. The worm bites you.
You die...

.. . .... #. ...
.....##. ..
......%.. ...
#........##..
<........... #
..........##.#.#
<.......b.<.....#
..#..<@wr...###
#...M@.....#
#..........#
#............#
##........#.#.
#.......##.#
.........
..##.####" ...


You could see Edmund, a worm, Menkaure, a bat and a rat.

Vanquished Creatures
  An orc wizard (D:2)
  2 adders (D:2)
  A gnoll (D:1)
  A worm (D:2)
  11 orcs
  11 bats
  2 giant cockroaches (D:1)
  9 goblins
  8 hobgoblins
  2 jackals (D:1)
  An ooze (D:1)
  4 kobolds
  3 quokkas (D:2)
  8 rats
64 creatures vanquished.

Notes
Turn   | Place    | Note
--------------------------------------------------------------
     0 | D:1      | Fiveotanaka, the Gargoyle Fighter, began the quest for the Orb.
     0 | D:1      | Reached XP level 1. HP: 14/14 MP: 1/1
   106 | D:1      | Reached XP level 2. HP: 16/19 MP: 2/2
   463 | D:1      | Reached XP level 3. HP: 20/23 MP: 3/3
   989 | D:2      | Reached skill level 4 in Maces & Flails
  1064 | D:2      | Reached XP level 4. HP: 20/28 MP: 4/4
  1349 | D:3      | Noticed Tomod's ghost (average MiBe)
  1882 | D:3      | Reached skill level 5 in Maces & Flails
  1978 | D:3      | Reached XP level 5. HP: 29/32 MP: 5/5
  2160 | D:3      | Found an iron altar of Okawaru.
  2245 | D:4      | Noticed Edmund
  2246 | D:4      | Noticed Menkaure
  2259 | D:4      | Slain by a worm

Action                   |  1- 3 |  4- 6 || total
-------------------------+-------+-------++-------
Melee: Flail             |   124 |   118 ||   242
  Use: Potion            |       |     1 ||     1
  Eat: Chunk             |     1 |     3 ||     4
